 Dungeon Crawl Stone Soup version 0.31-a0-925-g0a390f2509 (webtiles) character file.

Game seed: 3039835308421491072

8162 Maratek the Impaler (level 11, -5/87 HPs)
             Began as a Minotaur Fighter on Oct 18, 2023.
             Was a Priest of Hepliaklqana.
             Slain by a sun demon (17 damage)
             ... summoned by a kobold demonologist
             ... on level 11 of the Dungeon.
             The game lasted 00:13:29 (9549 turns).

Maratek the Impaler (Minotaur Fighter)              Turns: 9549, Time: 00:13:30

Health: -5/87      AC: 17    Str: 33    XL:     11   Next: 6%
Magic:  0/3        EV:  9    Int:  5    God:    Hepliaklqana [***...]
Gold:   826        SH:  0    Dex:  8    Spells: 10/10 levels left

rFire   + . .        w - +2 bardiche (antimagic)
rCold   . . .        (shield currently unavailable)
rNeg    . . .        H - +1 plate armour
rPois   .            (helmet restricted)
rElec   .            h - +2 cloak
rCorr   .            (no gloves)
SInv    .            (no boots)
Will    .....        g - amulet of guardian spirit Stlth
                     B - +6 ring of strength
HPRegen 0.34/turn    c - ring of Yesterday {rF+ Str+2 Dex-2 Slay+4}
MPRegen 0.08/turn

%: guardian spirit
@: lethally poisoned (-5 -> -13)
A: reduced essence, horns 2, retaliatory headbutt
a: Renounce Religion, Recall Ancestor, Ancestor Identity, Transference


You were on level 11 of the Dungeon.
You worshipped Hepliaklqana.
Hepliaklqana was most pleased with you.
You visited 2 branches of the dungeon, and saw 12 of its levels.

You collected 826 gold pieces.

Inventory:

Hand Weapons
 w - a +2 antimagic bardiche (weapon)
Missiles
 s - a throwing net
Armour
 h - a +2 cloak (worn)
 H - a +1 plate armour (worn)
Jewellery
 c - the ring of Yesterday (right hand) {rF+ Str+2 Dex-2 Slay+4}
   (You acquired it on level 4 of the Dungeon)

   [ring of slaying]

   Str+2:     It affects your strength (+2).
   Dex-2:     It affects your dexterity (-2).
   Slay+4:    It affects your accuracy & damage with ranged weapons and melee
   (+4).
   rF+:       It protects you from fire.
 g - an amulet of guardian spirit (around neck)
 x - a ring of flight
 B - a +6 ring of strength (left hand)
Wands
 u - a wand of charming (5)
 y - a wand of light (5)
 A - a wand of polymorph (11)
Scrolls
 b - a scroll of blinking
 m - a scroll of fear
 p - a scroll of enchant weapon {unknown}
 q - a scroll of poison
 G - a scroll of teleportation
Potions
 d - 2 potions of might
 e - 4 potions of curing
 f - 3 potions of mutation
 i - a potion of cancellation
 j - a potion of resistance {unknown}
 n - a potion of heal wounds {unknown}
 o - 3 potions of ambrosia {unknown}
 r - a potion of brilliance {unknown}
 t - a potion of invisibility {unknown}
 v - 3 potions of haste {unknown}
 C - 2 potions of enlightenment {unknown}
 F - a potion of berserk rage {unknown}


   Skills:
 + Level 9.5 Fighting
 + Level 15.2 Polearms
 + Level 7.5 Armour
 + Level 5.0 Dodging
 + Level 2.9 Stealth
 + Level 5.3 Shields


You had 10 spell levels left.
You didn't know any spells.
Your spell library contained the following spells:

 Spells                   Type           Power      Damage    Failure   Level
 Magic Dart               Conj           0%         1d3       98%         1
 Searing Ray              Conj           0%         2d4       99%         2
 Fulminant Prism          Conj/Hex       0%         3d5       100%        4
 Chain Lightning          Conj/Air       0%         N/A       100%        9
 Fire Storm               Conj/Fire      0%         5d1       100%        9
 Shatter                  Erth           0%         3d5*      100%        9


Dungeon Overview and Level Annotations

Branches:
Dungeon (11/15)            Temple (1/1) D:6            Lair (0/5) D:10
    Orc: D:9-12

Altars:
Ashenzari
Cheibriados
Dithmenos
Elyvilon
Fedhas
Gozag
Hepliaklqana
Kikubaaqudgha
Makhleb
Nemelex Xobeh
Okawaru
Qazlal
Ru
Sif Muna
Trog
Uskayaw
Vehumet
Wu Jian
Xom
Yredelemnul
Zin
The Shining One

Shops:
D:1 =

Annotations:
D:10 exclusion: oklob plant


Innate Abilities, Weirdness & Mutations

Your life essence is reduced to manifest your ancestor. (-10% HP)
You have a pair of horns on your head.
You reflexively headbutt those who attack you in melee.


Message History

The orc wizard gestures wildly while chanting.
The orc wizard flickers and vanishes!
Deactivating autopickup; reactivate with Ctrl-A.
Yayatum blocks the kobold demonologist's attack.
The sun demon hits you but does no damage.
The smoke demon hits Yayatum but does no damage. x3
Yayatum hits the smoke demon with a +0 flail!
You are too injured to fight recklessly!
Unknown command.
You are too injured to fight recklessly!
Unknown command.
You are too injured to fight recklessly!
Unknown command.
An orc wizard comes into view. It is wielding a +0 hand axe.
You hear the faint crackling of a very distant melting archway.
The orc wizard shouts!
The kobold demonologist looks satisfied for a moment.
The kobold brigand hits Yayatum but does no damage.
Yayatum blocks the kobold demonologist's attack.
The kobold demonologist casts a spell.
Yayatum hits the kobold demonologist but does no damage.
The kobold demonologist hits Yayatum but does no damage.
The white imp gestures at you.
The puff of frost hits something!
Yayatum blocks the ice devil's attack.
Yayatum blocks the kobold demonologist's attack.
The sun demon hits you!!
* * * LOW HITPOINT WARNING * * *
You are engulfed in flames!
You resist.
* * * LOW HITPOINT WARNING * * *
Yayatum hits the kobold demonologist with a +0 flail!
The orc wizard casts a spell.
The orc wizard flickers and vanishes!
The kobold demonologist mumbles some strange words.
The kobold brigand throws a poisoned dart.
The poisoned dart hits you!
You are poisoned.
The sun demon attacks as it pursues you!
The sun demon hits you!
You die...

#............#
#............ .
##....3)†.5§##..
......KR4.5#§§#.
#...KK45.§§§§
#.4..K.o##§##
##.......##
########3.5...{....
.......@..##....###
#########.# #####
#†# #.# #.# ####.##
#...†.# #.....#
#.....#


You could see the friendly Yayatum the knight, a sun demon (summoned), 2 ice
devils, 3 kobold demonologists, a smoke demon (summoned), a red devil
(summoned), a kobold brigand, an iron imp (summoned), a crimson imp (summoned),
2 white imps and an orc.

Vanquished Creatures
  Erolcha (D:9)
  A two-headed ogre (D:10)
  Pikel (D:4)
  2 hornets
  A troll (D:11)
  Grinder (D:4)
  2 wyverns
  4 yaks
  A wraith (D:10)
  Eustachio (D:4)
  2 steam dragons (D:10)
  Menkaure (D:4)
  2 water moccasins (D:8)
  5 orc warriors
  An ice beast (D:6)
  2 black bears
  2 sky beasts
  An ogre (D:4)
  A centaur (D:7)
  2 kobold brigands (D:10)
  2 phantoms (D:5)
  2 gnoll sergeants
  A bullfrog (D:7)
  A scorpion (D:5)
  A wight (D:7)
  4 howler monkeys
  An electric eel (D:7)
  2 jellies
  4 hounds
  5 orc priests
  3 gnoll boudas
  4 iguanas
  3 sleepcaps
  4 orc wizards
  Robin (D:4)
  17 gnolls
  7 adders
  5 white imps
  4 dart slugs
  24 orcs
  7 ball pythons
  8 bats
  6 endoplasms
  4 giant cockroaches
  15 goblins
  11 hobgoblins
  10 jackals
  2 quokkas
  5 frilled lizards
  12 kobolds
  4 rats
213 creatures vanquished.

Vanquished Creatures (collateral kills)
  Maurice (D:9)
  4 yaks
  An orc warrior (D:9)
  A howler monkey (D:11)
  A jelly (D:7)
  An orc wizard (D:9)
  A gnoll (D:9)
  4 kobolds
14 creatures vanquished.

Grand Total: 227 creatures vanquished

Notes
Turn   | Place    | Note
-------+----------+-------------------------------------------
     0 | D:1      | Maratek the Minotaur Fighter began the quest for the Orb.
     0 | D:1      | Reached XP level 1. HP: 19/19 MP: 0/0
    81 | D:1      | Reached XP level 2. HP: 27/27 MP: 1/1
   359 | D:1      | Reached XP level 3. HP: 32/34 MP: 2/2
   511 | D:1      | Found Xanwac's Jewellery Emporium.
   580 | D:1      | Reached skill level 3 in Polearms
  1320 | D:2      | Reached XP level 4. HP: 41/41 MP: 3/3
  1772 | D:3      | Identified the +2 leather armour of Protective Custody
                  | {+Blink rElec}
  2033 | D:3      | Reached skill level 4 in Polearms
  2089 | D:3      | Found a shadowy altar of Dithmenos.
  2399 | D:4      | Reached XP level 5. HP: 47/47 MP: 4/4
  2465 | D:4      | Noticed a lemure
  2466 | D:4      | Noticed Pikel
  2466 | D:4      | Noticed a lemure
  2466 | D:4      | Noticed a lemure
  2466 | D:4      | Noticed a lemure
  2492 | D:4      | Killed Pikel
  2493 | D:4      | Reached skill level 5 in Fighting
  2493 | D:4      | Reached skill level 6 in Polearms
  2493 | D:4      | Reached skill level 5 in Armour
  2493 | D:4      | Reached skill level 1 in Dodging
  2493 | D:4      | Reached XP level 6. HP: 7/56 MP: 5/5
  2493 | D:4      | Reached XP level 7. HP: 7/61 MP: 6/6
  3006 | D:4      | Noticed Menkaure
  3019 | D:4      | Killed Menkaure
  3221 | D:4      | Noticed Eustachio
  3251 | D:4      | Killed Eustachio
  3252 | D:4      | Reached skill level 7 in Polearms
  3252 | D:4      | Reached skill level 5 in Shields
  3418 | D:4      | Identified the +1 triple crossbow of Neceit {freeze, Fly
                  | rF+ Will- rCorr}
  3523 | D:4      | Noticed Grinder
  3527 | D:4      | Paralysed by Grinder for 3 turns
  3540 | D:4      | Killed Grinder
  3541 | D:4      | Reached XP level 8. HP: 49/70 MP: 7/7
  3640 | D:4      | Reached skill level 8 in Polearms
  3911 | D:4      | Noticed Robin
  3928 | D:4      | Killed Robin
  4037 | D:4      | Reached skill level 1 in Stealth
  4264 | D:4      | Identified 2 scrolls of acquirement
  4264 | D:4      | Acquired a +2 antimagic bardiche
  4281 | D:4      | Acquired the ring of Yesterday {rF+ Str+2 Dex-2 Slay+4}
  4336 | D:5      | Entered Level 5 of the Dungeon
  4403 | D:5      | Reached skill level 9 in Polearms
  4405 | D:5      | Found a blossoming altar of Fedhas.
  4595 | D:5      | Reached skill level 10 in Polearms
  5045 | D:6      | Found a hide-covered altar of Uskayaw.
  5096 | D:6      | Found a staircase to the Ecumenical Temple.
  5111 | Temple   | Entered the Ecumenical Temple
  5125 | Temple   | Became a worshipper of Hepliaklqana the Forgotten
  5170 | D:6      | Reached XP level 9. HP: 54/78 MP: 1/8
  5566 | D:6      | Found a sacrificial altar of Ru.
  5750 | D:6      | Reached skill level 11 in Polearms
  6236 | D:7      | Reached * piety under Hepliaklqana
  6919 | D:8      | Reached skill level 12 in Polearms
  7037 | D:8      | Reached ** piety under Hepliaklqana
  7038 | D:8      | Remembered your ancestor Yayatum as a knight
  7152 | D:8      | Found a snail-covered altar of Cheibriados.
  7152 | D:8      | Found a glowing golden altar of the Shining One.
  7176 | D:8      | Found an ornate altar of the Wu Jian Council.
  7179 | D:8      | Found a burning altar of Makhleb.
  7179 | D:8      | Found a basalt altar of Yredelemnul.
  7182 | D:8      | Found a shimmering blue altar of Sif Muna.
  7188 | D:8      | Found a bloodstained altar of Trog.
  7512 | D:9      | Reached XP level 10. HP: 79/79 MP: 3/9
  7680 | D:9      | Noticed Maurice
  7688 | D:9      | Something stole 702 gold
  7689 | D:9      | Something stole a ring of ice
  7692 | D:9      | Something stole 82 gold
  7693 | D:9      | Killed Maurice
  7694 | D:9      | Reached skill level 13 in Polearms
  7900 | D:9      | Noticed Erolcha
  7908 | D:9      | Killed Erolcha
  7909 | D:9      | Reached skill level 14 in Polearms
  8526 | D:10     | Entered Level 10 of the Dungeon
  8526 | D:10     | Noticed an oklob plant
  8538 | D:10     | Found an iron altar of Okawaru.
  8728 | D:10     | Reached *** piety under Hepliaklqana
  8766 | D:10     | Noticed a two-headed ogre
  8769 | D:10     | Killed a two-headed ogre
  8829 | D:10     | Reached skill level 5 in Dodging
  8904 | D:10     | Found a staircase to the Lair.
  9340 | D:10     | Reached skill level 15 in Polearms
  9351 | D:10     | Reached XP level 11. HP: 87/87 MP: 3/10
  9537 | D:11     | Noticed a sun demon
  9549 | D:11     | Slain by a sun demon

Illustrated notes

Levels and vault maps discovered:
D:1:      scummos_arrival_checkerplants, layout_loops_cross, serial_shops, shop
D:2:      layout_basic
D:3:      layout_loops_ring, grunt_dithmenos_smoke_and_mirrors
D:4:      layout_basic, amcnicky_mini_rare_corridor_liquid, st_stairs_9,
          nicolae_hexahallways, uniq_pikel, uniq_eustachio, uniq_grinder,
          uniq_robin, uniq_menkaure
D:5:      layout_loops_cross, fedhas_altar_fruit_tree
D:6:      layout_gridville, nicolae_ru_great_annihilating_truth,
          mainiacjoe_overflow_boulevard, minmay_temple_entry_large_hall,
          minivault_11
D:7:      layout_cave_pools, amcnicky_mini_pool_medium
D:8:      layout_basic, nicolae_overflow_hallway_of_the_gods
D:9:      minmay_goldmine, layout_stronghold, uniq_erolcha, uniq_maurice
D:10:     layout_rooms, okawaru_metal_pillars_3, dpeg_oklobed_lair,
          nicolae_fountain_basement
D:11:     layout_basic, serial_ice, serial_ice_o, serial_ice_b, serial_ice_k,
          serial_ice_g, portal_ice_cave_entry_ice_simulacra, serial_shops,
          nicolae_shop_peninsula
Temple:   hellmonk_temple_rainy

Skill      XL: |  1  2  3  4  5  6  7  8  9 10 |
---------------+-------------------------------+-----
Fighting       | 4 5 6 8 9 |  9.5
Shields        | 4 5 |  5.3
Polearms       | 3 4 6 7 10 12 15 | 15.2
Armour         | 4 5 6 7 |  7.5
Dodging        | 1 2 3 4 5 |  5.0
Stealth        | 1 2 |  2.9

Action                     |  1- 3 |  4- 6 |  7- 9 | 10-12 || total
---------------------------+-------+-------+-------+-------++-------
  Melee: Trident           |    96 |    55 |   124 |       ||   275
         Headbutt          |     7 |     6 |    40 |    12 ||    65
         Bardiche          |       |       |   163 |    93 ||   256
 Invoke: Ancestor Life: Kn |       |       |     1 |       ||     1
    Use: Scroll            |     3 |     2 |     7 |     3 ||    15
   Stab: Sleeping          |       |       |     2 |     1 ||     3
         Paralysed         |       |       |     1 |       ||     1
         Distracted        |       |       |       |     1 ||     1
 Armour: Scale mail        |    67 |    19 |       |       ||    86
         Leather armour    |       |    15 |   185 |    20 ||   220
         Plate armour      |       |       |       |    42 ||    42
  Dodge: Dodged            |    50 |    17 |   127 |    35 ||   229
  Block: Buckler           |    24 |     7 |    24 |       ||    55

Table legend: (Time is in decaauts)
 A = Elapsed time spent in this place.
 B = Non-inter-level travel time spent in this place.
 C = Inter-level travel time spent in this place.
 D = Time resting spent in this place.
 E = Time spent auto-exploring this place.
 F = Levels seen in this place.
 G = Mean time per level.
                   A        B        C        D        E       F      G
               +--------+--------+--------+--------+--------+-----+--------+
         Total |   9642 |   8930 |    712 |    543 |   7072 |  12 |  803.5 |
       Dungeon |   9613 |   8901 |    712 |    543 |   7072 |  11 |  873.9 |
        Temple |     28 |     28 |      0 |      0 |      0 |   1 |   28.0 |
               +--------+--------+--------+--------+--------+-----+--------+

Top non-repeatable levels by time:
     D:4: 2025 daAuts
     D:9: 1551 daAuts
     D:2: 1021 daAuts
     D:6: 975 daAuts
     D:5: 727 daAuts
     D:8: 711 daAuts
     D:1: 681 daAuts
    D:10: 645 daAuts
     D:3: 623 daAuts
     D:7: 546 daAuts
    D:11: 103 daAuts
  Temple: 28 daAuts
